 Dungeon Crawl Stone Soup version 0.26.1-11-gd32895ea62 (webtiles) character file.

Game seed: 647261726571640292

1140 boopmooplesden the Cruncher (level 8, -7/69 HPs)
             Began as a Minotaur Gladiator on July 4, 2021.
             Was a Believer of Okawaru.
             Killed by divine providence
             ... invoked by an orc priest
              (9 damage)
             ... on level 5 of the Dungeon.
             The game lasted 00:07:31 (5115 turns).

boopmooplesden the Cruncher (Minotaur Gladiator)    Turns: 5115, Time: 00:07:32

Health: -7/69      AC: 15    Str: 21    XL:     8   Next: 14%
Magic:  7/7        EV:  8    Int:  5    God:    Okawaru [**....]
Gold:   269        SH:  0    Dex: 12    Spells: 7/7 levels left

rFire    . . .     SeeInvis .   a - +0 quarterstaff
rCold    . . .     Faith    .   (shield currently unavailable)
rNeg     . . .     Spirit   .   k - +1 plate armour
rPois    .         Reflect  .   w - +1 hat
rElec    .         Harm     .   (no cloak)
rCorr    .         Rampage  .   s - +0 pair of gloves
Will     .....                  (no boots)
Stlth    ..........             (no amulet)
HPRegen  0.21/turn              (no ring)
MPRegen  0.10/turn              (no ring)

@: no status effects
A: retaliatory headbutt, horns 2
a: Renounce Religion, Heroism


You were on level 5 of the Dungeon.
You worshipped Okawaru.
Okawaru was pleased with you.
You visited 1 branch of the dungeon, and saw 5 of its levels.

You collected 269 gold pieces.

Inventory:

Hand Weapons
 a - a +0 quarterstaff (weapon)
Missiles
 d - 3 throwing nets (quivered)
 f - 28 poisoned darts
 n - 8 silver javelins
Armour
 b - a +0 leather armour
 c - a +0 hat
 k - a +1 plate armour (worn)
 s - a +0 pair of gloves (worn)
 w - a +1 hat (worn)
Wands
 x - a wand of paralysis (4)
Scrolls
 g - 4 scrolls of identify
 h - 2 scrolls of amnesia
 j - 2 scrolls of remove curse
 o - 3 scrolls of teleportation {unknown}
 p - 2 scrolls of noise {unknown}
 q - 5 scrolls of fog {unknown}
 r - 3 scrolls of immolation {unknown}
 t - 3 scrolls of enchant weapon {unknown}
Potions
 e - a potion of magic {unknown}
 i - a potion of heal wounds {unknown}
 l - a potion of curing {unknown}
 m - 3 potions of might {unknown}
 u - a potion of berserk rage {unknown}
 v - a potion of flight {unknown}
 z - 2 potions of degeneration {unknown}


   Skills:
 + Level 5.4 Fighting
 + Level 8.9 Staves
 + Level 2.2 Throwing
 + Level 4.8 Armour
 + Level 4.4 Dodging
 + Level 1.3 Stealth


You had 7 spell levels left.
You didn't know any spells.
Your spell library was empty.

Dungeon Overview and Level Annotations

Branches:
Dungeon (5/15)
 Temple: D:4-7

Altars:
Cheibriados
Elyvilon
Makhleb
Okawaru

Shops:
D:4 [


Innate Abilities, Weirdness & Mutations

You reflexively headbutt those who attack you in melee.
You have a pair of horns on your head.


Message History

The orc priest is heavily wounded.
The sky beast hits you but does no damage.
The orc priest hits you.
* * * LOW HITPOINT WARNING * * *
You closely miss the orc priest.
The orc priest is heavily wounded.
The sky beast hits you but does no damage.
The orc priest hits you.
* * * LOW HITPOINT WARNING * * *
You barely miss the orc priest.
The orc priest is heavily wounded.
The sky beast hits you.
* * * LOW HITPOINT WARNING * * *
The sky beast shocks you.
* * * LOW HITPOINT WARNING * * *
You barely miss the orc priest.
The orc priest is heavily wounded.
The orc priest invokes the aid of Beogh against you.
Beogh smites you!
You die...

###.## ###......###.#.##
#. ...............# #.
##......###.#..# #.
#######.#######.#..## #.
...........).)#.#...# #.
#######.##..)†..#.#.# #.
#.##..)...#.#.###(
#.##........#..##.
##)####@#####.######.##.
......oY# #...........
.#......# ########.##.
##.)...# #.##. ....#.#.#
#..#. #####.#.# ##.#.
..#.# #... ####.# ##..
#.# ##########..


You could see a sky beast and an orc priest.

Vanquished Creatures
  The ghost of tizbic2 the Ogre Mage, an amateur OgWz of Elyvilon (D:4)
  3 ogres
  A bullfrog (D:4)
  2 scorpions
  2 bullfrog zombies (D:5)
  2 orc priests
  A hound (D:4)
  An iron imp (D:4)
  6 orc wizards
  2 worker ants
  8 adders
  A shadow imp (D:5)
  An ufetubus (D:4)
  2 oozes
  6 worms
  3 dart slugs
  3 leopard geckos
  23 orcs
  12 bats
  3 giant cockroaches
  6 goblins
  10 hobgoblins
  2 jackals (D:3)
  6 kobolds
  4 quokkas
  2 frilled lizards
  2 leopard gecko skeletons (D:5)
  A quokka skeleton (D:5)
  15 rats
131 creatures vanquished.

Vanquished Creatures (others)
  A giant cockroach (D:3)
  A quokka (D:3)
  2 plants (D:1)
4 creatures vanquished.

Grand Total: 135 creatures vanquished

Notes
Turn   | Place    | Note
-------+----------+-------------------------------------------
     0 | D:1      | boopmooplesden the Minotaur Gladiator began the quest for
                  | the Orb.
     0 | D:1      | Reached XP level 1. HP: 18/18 MP: 0/0
    53 | D:1      | Reached XP level 2. HP: 15/25 MP: 1/1
   213 | D:1      | Reached skill level 4 in Staves
   435 | D:1      | Reached XP level 3. HP: 18/30 MP: 2/2
   922 | D:2      | Found an iron altar of Okawaru.
   928 | D:2      | Became a worshipper of Warmaster Okawaru
   982 | D:2      | Reached XP level 4. HP: 34/38 MP: 3/3
  1187 | D:2      | Reached skill level 5 in Staves
  1383 | D:2      | Reached skill level 1 in Armour
  1872 | D:3      | Reached XP level 5. HP: 46/46 MP: 4/4
  1886 | D:3      | Found a white marble altar of Elyvilon.
  2469 | D:3      | Found a burning altar of Makhleb.
  2923 | D:4      | Reached skill level 6 in Staves
  2923 | D:4      | Reached XP level 6. HP: 51/52 MP: 5/5
  3020 | D:4      | Found Leofygy's Antique Armour Boutique.
  3262 | D:4      | Found a runed translucent door.
  3267 | D:4      | Noticed tizbic2's ghost (amateur OgWz)
  3284 | D:4      | Reached * piety under Okawaru
  3297 | D:4      | Killed tizbic2's ghost
  3298 | D:4      | Reached skill level 7 in Staves
  3298 | D:4      | Reached XP level 7. HP: 32/60 MP: 6/6
  3604 | D:4      | Found a snail-covered altar of Cheibriados.
  4108 | D:4      | Reached skill level 8 in Staves
  4179 | D:5      | Entered Level 5 of the Dungeon
  4368 | D:5      | Reached skill level 5 in Fighting
  4562 | D:5      | Reached ** piety under Okawaru
  4774 | D:5      | Reached XP level 8. HP: 57/68 MP: 7/7
  5016 | D:5      | Reached skill level 1 in Stealth
  5114 | D:5      | HP: 2/69 [sky beast (6)]
  5115 | D:5      | Killed from afar by an orc priest

Illustrated notes

Levels and vault maps discovered:
D:1:      psy_arrival_statuary, layout_rooms, serial_bayou_pond_a,
          hangedman_decor_growths, minmay_rat_gold_closets
D:2:      layout_loops_ring, okawaru_gym_becter
D:3:      layout_rooms, bloody_makhleb, elyvilon_altar_4
D:4:      layout_loops_corners, serial_shops, shop_statue,
          ebering_ghost_sewer_d, chei_slow_surprise
D:5:      layout_basic

Skill      XL: |  1  2  3  4  5  6  7  8 |
---------------+-------------------------+-----
Staves         | 4 5 6 7 8 |  8.9
Fighting       | 3 4 5 |  5.4
Dodging        | 4 |  4.4
Armour         | 1 2 3 4 |  4.8
Stealth        | 1 |  1.3
Throwing       | |  2.2

Action                   |  1- 3 |  4- 6 |  7- 9 || total
-------------------------+-------+-------+-------++-------
Melee: Quarterstaff      |    69 |   134 |   113 ||   316
       Headbutt          |    15 |    15 |    19 ||    49
  Use: Scroll            |       |     4 |       ||     4
Armor: Leather armour    |    10 |    12 |       ||    22
       Plate armour      |       |    22 |    63 ||    85
Dodge: Dodged            |    48 |    73 |    32 ||   153
